 Dungeon Crawl Stone Soup version 0.23.2-40-g277498a001 (webtiles) character file.

Game seed: 9053125443251193352

4405 Edgeworth the Cleaver (level 10, -8/91 HPs)
             Began as a Deep Dwarf Fighter on Oct 22, 2019.
             Was an Elder of Ashenzari.
             Mangled by Gastronok (27 damage)
             ... on level 8 of the Dungeon.
             The game lasted 00:20:09 (6221 turns).

Edgeworth the Cleaver (Deep Dwarf Fighter)          Turns: 6221, Time: 00:20:10

Health: -8/91      AC: 11    Str: 28    XL:     10   Next: 14%
Magic:  6/6        EV:  7    Int:  9    God:    Ashenzari [****..]
Gold:   397        SH: 19    Dex: 15    Spells: 9/9 levels left

rFire    . . .     SeeInvis +   O - +1 whip of the Bear {speed, rElec Dex+3} (curse)
rCold    . . .     Gourm    .   n - +0 large shield (curse)
rNeg     . . .     Faith    +   q - +0 chain mail (curse)
rPois    .         Spirit   .   l - +0 helmet (curse)
rElec    +         Reflect  .   (no cloak)
rCorr    .         Harm     .   (no gloves)
MR       +....     Clarity  +   (no boots)
Stlth    ..........             i - amulet of faith (curse)
HPRegen  0.00/turn              K - +5 ring of strength (curse)
MPRegen  0.10/turn              (no ring)

@: non-regenerating
A: damage resistance, heal wounds, sense surroundings 2, no regeneration
a: Heal Wounds, Curse Item, Scrying, Renounce Religion


You were on level 8 of the Dungeon.
You worshipped Ashenzari.
Ashenzari was greatly pleased with you.
You were hungry.

You visited 2 branches of the dungeon, and saw 9 of its levels.

You collected 397 gold pieces.

Inventory:

Hand Weapons
 O - the cursed +1 whip of the Bear (weapon) {speed, rElec Dex+3}
   (You found it on level 8 of the Dungeon)

   Attacks with this weapon are significantly faster.
   It affects your dexterity (+3).
   It insulates you from electricity.
   It has a curse placed upon it.
Armour
 l - a cursed +0 helmet (worn)
 n - a cursed +0 large shield (worn)
 q - a cursed +0 chain mail (worn)
 P - a +3 chain mail of cold resistance
Jewellery
 h - an uncursed amulet of rage
 i - a cursed amulet of faith (around neck)
 r - an uncursed amulet of guardian spirit
 s - an uncursed amulet of guardian spirit
 I - an uncursed ring of ice
 K - a cursed +5 ring of strength (left hand)
 M - an uncursed ring of fire
Wands
 J - a wand of digging (3)
Scrolls
 e - 6 scrolls of teleportation {unknown}
 m - 3 scrolls of fog {unknown}
 p - a scroll of blinking {unknown}
 t - 5 scrolls of identify {unknown}
 u - a scroll of fear {unknown}
 v - a scroll of brand weapon {unknown}
 w - 2 scrolls of enchant weapon {unknown}
 x - 3 scrolls of magic mapping {unknown}
 y - 2 scrolls of immolation {unknown}
 z - 3 scrolls of enchant armour {unknown}
 E - a scroll of amnesia {unknown}
 L - a scroll of noise {unknown}
Potions
 b - 3 potions of agility {unknown}
 d - 3 potions of might
 g - a potion of haste {unknown}
 j - 4 potions of heal wounds {unknown}
 k - 4 potions of curing {unknown}
 o - 3 potions of flight {unknown}
 A - a potion of mutation {unknown}
 B - 3 potions of lignification {unknown}
 C - 3 potions of degeneration {unknown}
 D - a potion of ambrosia {unknown}
 G - a potion of cancellation {unknown}
 H - a potion of magic {unknown}
Comestibles
 f - 16 rations


   Skills:
 + Level 6.1 Fighting
   Level 10.0(10.2) Axes
 + Level 3.0(8.4) Maces & Flails
 + Level 6.7 Armour
 + Level 3.0 Dodging
 + Level 8.8(11.0) Shields


You had 9 spell levels left.
You didn't know any spells.
Your spell library contained the following spells:

 Spells                   Type           Power        Failure   Level  Hunger
 Magic Dart               Conj           #...         100%        1    ##.....
 Searing Ray              Conj           #.....       100%        2    ###....
 Dazzling Spray           Conj/Hex       #.....       100%        3    ####...
 Force Lance              Conj/Tloc      #.......     100%        4    #####..
 Fulminant Prism          Conj/Hex       #.........   100%        4    #####..
 Iskenderun's Mystic Bla  Conj           #.......     100%        4    #####..


Dungeon Overview and Level Annotations

Branches:
Dungeon (8/15)             Temple (1/1) D:6
   Lair: D:8-11

Altars:
Ashenzari
Dithmenos
Elyvilon
Fedhas
Gozag
Makhleb
Okawaru
Qazlal
Sif Muna
Trog
Uskayaw
Vehumet
Wu Jian
The Shining One

Shops:
D:8 [

Annotations:
D:8 Gastronok


Innate Abilities, Weirdness & Mutations

You are resistant to damage.
You can heal yourself by infusing magical energy.
You passively map the area around you.
You do not regenerate.


Message History

You struggle to resist.
You hit Gastronok.
Gastronok is severely wounded.
You hit Gastronok.
Gastronok is severely wounded.
Your shield and chain mail prevent you from hitting Gastronok.
Gastronok is severely wounded.
You whack Gastronok!
Gastronok is severely wounded.
Gastronok bites you!!
* * * LOW HITPOINT WARNING * * *
You hit Gastronok.
Gastronok is severely wounded.
Your shield prevents you from hitting Gastronok.
Gastronok is severely wounded.
You are feeling hungry.
You whack Gastronok!
Gastronok is severely wounded.
Gastronok bites you!!
You die...

*** *, #.# * , #.# ,## *
** #.# ** *,#.,,, #.# *,..
, #.# * **######.#####
######)# ,, *
/......#...####...##'## *
*
.......#.#...##'#.(...###
**
......{#@#...##∩#.)..(...
,......rw.+...)###......##
∆*
*,....?.r#.#(..#.........#
,
,.......#.#...#.........#
*
*#######.#.#(..#######+#.#
#####...###.#.#...#* *
,#..#
###.................. ,
....
##........####.#.#.### * *
#### #..[...#######.#.#.##
#


You could see Gastronok and 2 quokkas.

Vanquished Creatures
  Harold (D:8)
  A komodo dragon (D:8)
  Grinder (D:6)
  Edmund (D:6)
  A water moccasin (D:8)
  An ice beast (D:3)
  2 necrophages
  An orc warrior (D:7)
  A hornet zombie (D:6)
  3 ogres
  2 phantoms
  5 centaurs
  A big kobold (D:7)
  A bullfrog (D:6)
  6 crimson imps
  A bullfrog zombie (D:5)
  2 centaur zombies (D:7)
  A jelly (D:5)
  A hound (D:8)
  A quasit (D:7)
  6 orc priests
  2 bullfrog skeletons
  4 orc wizards
  A centaur skeleton (D:5)
  A gnoll shaman (D:5)
  2 iguanas
  4 worker ants
  A hound zombie (D:7)
  4 gnolls (D:5)
  7 adders
  A shadow imp (D:7)
  3 oozes
  4 worms
  2 dart slugs
  5 leopard geckos
  23 orcs
  3 ball pythons
  9 bats
  5 giant cockroaches
  6 goblins
  7 hobgoblins
  7 jackals (D:6)
  3 quokkas
  6 frilled lizards
  A jackal skeleton (D:2)
  13 kobolds
  A quokka zombie (D:5)
  6 rats
171 creatures vanquished.

Vanquished Creatures (others)
  Prince Ribbit (D:6)
1 creature vanquished.

Grand Total: 172 creatures vanquished

Notes
Turn   | Place    | Note
-------+----------+-------------------------------------------
     0 | D:1      | Edgeworth the Deep Dwarf Fighter began the quest for the
                  | Orb.
     0 | D:1      | Reached XP level 1. HP: 20/20 MP: 1/1
   255 | D:1      | Reached XP level 2. HP: 24/27 MP: 2/2
   780 | D:2      | Reached XP level 3. HP: 26/33 MP: 3/3
  1076 | D:2      | Found a hide-covered altar of Uskayaw.
  1170 | D:2      | Found a radiant altar of Vehumet.
  1192 | D:2      | Reached skill level 3 in Axes
  1401 | D:3      | Noticed an ice beast
  1420 | D:3      | Killed an ice beast
  1420 | D:3      | Reached skill level 4 in Axes
  1420 | D:3      | Reached XP level 4. HP: 42/42 MP: 3/3
  1420 | D:3      | Reached XP level 5. HP: 49/49 MP: 4/4
  1480 | D:3      | Found a shattered altar of Ashenzari.
  1494 | D:3      | Became a worshipper of Ashenzari the Shackled
  1554 | D:3      | Reached skill level 1 in Dodging
  1721 | D:3      | Reached XP level 6. HP: 27/56 MP: 4/4
  1806 | D:3      | Found an opulent altar of Gozag.
  1861 | D:3      | Found a deep blue altar of Sif Muna.
  2176 | D:4      | Reached * piety under Ashenzari
  2251 | D:4      | Reached skill level 5 in Axes
  2514 | D:4      | Reached skill level 5 in Shields
  2528 | D:4      | Found a white marble altar of Elyvilon.
  2543 | D:4      | Reached XP level 7. HP: 51/62 MP: 4/4
  2999 | D:5      | Entered Level 5 of the Dungeon
  2999 | D:5      | Reached ** piety under Ashenzari
  3053 | D:5      | Reached skill level 6 in Axes
  3053 | D:5      | Reached skill level 5 in Armour
  3509 | D:5      | Reached XP level 8. HP: 59/72 MP: 5/5
  3554 | D:5      | Reached skill level 7 in Axes
  3579 | D:5      | Found a bloodstained altar of Trog.
  3740 | D:5      | Found a glowing golden altar of the Shining One.
  3857 | D:6      | Noticed Edmund
  3891 | D:6      | Killed Edmund
  4019 | D:6      | Reached skill level 8 in Axes
  4025 | D:6      | Found a staircase to the Ecumenical Temple.
  4052 | Temple   | Entered the Ecumenical Temple
  4151 | D:6      | Noticed Grinder
  4197 | D:6      | Killed Grinder
  4303 | D:6      | Gained mutation: You passively map the area around you.
                  | [Deep Dwarf growth]
  4303 | D:6      | Reached XP level 9. HP: 59/80 MP: 6/6
  4317 | D:6      | Noticed Prince Ribbit
  4619 | D:6      | Killed Prince Ribbit
  4619 | D:6      | Reached skill level 5 in Fighting
  4619 | D:6      | Reached skill level 9 in Axes
  4669 | D:6      | Found a stormy altar of Qazlal.
  4678 | D:6      | Found an ornate altar of the Wu Jian Council.
  4686 | D:6      | Found a shadowy altar of Dithmenos.
  4754 | D:7      | Reached *** piety under Ashenzari
  5683 | D:8      | Reached **** piety under Ashenzari
  5707 | D:8      | Got the cursed whip of the Bear {speed, rElec Dex+3}
  5708 | D:8      | Identified the cursed +1 whip of the Bear {speed, rElec
                  | Dex+3} (You found it on level 8 of the Dungeon)
  5736 | D:8      | Reached skill level 10 in Axes
  5771 | D:8      | Identified the +0 robe "Byqigida" {rF+}
  5794 | D:8      | Noticed Harold
  5902 | D:8      | Killed Harold
  5902 | D:8      | Reached XP level 10. HP: 25/91 MP: 7/7
  6055 | D:8      | Found an iron altar of Okawaru.
  6113 | D:8      | Found Wulecel's Antique Armour Shoppe.
  6135 | D:8      | Noticed Gastronok
  6221 | D:8      | Mangled by Gastronok

Skill      XL: |  1  2  3  4  5  6  7  8  9 10 |
---------------+-------------------------------+-----
Fighting       | 3 4 6 |  6.1
Axes           | 4 5 6 8 10 | 10.0
Armour         | 4 5 6 |  6.7
Shields        | 4 5 7 8 |  8.8
Dodging        | 1 2 3 |  3.0
Maces & Flails | 2 3 |  3.0

Action                   |  1- 3 |  4- 6 |  7- 9 | 10-12 || total
-------------------------+-------+-------+-------+-------++-------
Melee: War axe           |   133 |   134 |   416 |       ||   683
       Whip              |       |       |   115 |   109 ||   224
Invok: Curse Item        |       |     2 |     2 |       ||     4
 Abil: Heal Wounds       |     1 |     4 |     8 |     3 ||    16
  Eat: Chunk             |     2 |     3 |     9 |     1 ||    15
       Ration            |       |     1 |       |       ||     1
Armor: Scale mail        |    44 |       |       |       ||    44
       Chain mail        |    18 |    67 |   122 |     5 ||   212
Dodge: Dodged            |    30 |    21 |    71 |     5 ||   127
Block: Shield            |    73 |     3 |       |       ||    76
       Large shield      |       |   105 |   380 |    36 ||   521
